 Dungeon Crawl Stone Soup version 0.31.0-11-ge490571c62 (webtiles) character file.

Game seed: 5042826678008688540

93 Gadfly the Ruffian (level 4, -4/33 HPs)
             Began as a Demonspawn Shapeshifter on Jan 27, 2024.
             Slain by a gnoll
             ... wielding a +0 halberd
              (10 damage)
             ... on level 2 of the Dungeon.
             The game lasted 00:01:59 (1575 turns).

Gadfly the Ruffian (Demonspawn Shapeshifter)        Turns: 1575, Time: 00:01:59

Health: -4/33      AC:  3    Str: 17    XL:     4   Next: 36%
Magic:  4/4        EV: 12    Int: 10    God:
Gold:   72         SH:  0    Dex: 12    Spells: 3/3 levels left

rFire   . .          .
                       - Unarmed
rCold   . . .        (no shield)
rNeg    . . .        a - +1 animal skin
rPois   .            (helmet currently unavailable)
rElec   .            (cloak currently unavailable)
rCorr   .            (gloves currently unavailable)
SInv    .            (boots currently unavailable)
Will    +....        m - amulet of the acrobat
Stlth   +            k - ring of willpower
HPRegen 0.25/turn    (no ring)
MPRegen 0.09/turn

%: acrobat
@: beast-form
A: beast (slay +1), claws 1
a: Begin Untransformation


You were on level 2 of the Dungeon.
You were a hulking beast.
You visited 1 branch of the dungeon, and saw 2 of its levels.

You collected 72 gold pieces.

Inventory:

Armour
 a - a +1 animal skin (worn)
Jewellery
 k - a ring of willpower (left claw)
 m - an amulet of the acrobat (around neck)
Talismans
 c - a beast talisman
 d - a flux talisman
 g - a blade talisman
Scrolls
 b - a scroll of identify
 e - a scroll of amnesia {unknown}
 f - 2 scrolls of silence
 i - a scroll of torment {unknown}
Potions
 h - 4 potions of curing


   Skills:
 + Level 1.7 Fighting
 * Level 2.6 Dodging
 + Level 3.1 Unarmed Combat
 * Level 2.0 Evocations
 + Level 2.9 Shapeshifting


You had 3 spell levels left.
You didn't know any spells.
Your spell library was empty.

Dungeon Overview and Level Annotations

Branches:
Dungeon (2/15)

Altars:
Cheibriados


Innate Abilities, Weirdness & Mutations

You are a hulking beast.
Your limbs bulge with bestial killing power. (Slay +1)
You have sharp fingernails.


Message History

You claw the gnoll!
You kill the gnoll!
You start resting.
HP restored.
Things that are here:
a +0 whip; a +0 whip; a gnoll corpse
There is a stone staircase leading down here.
You climb downwards.
There is a stone staircase leading up, spattered with blood here.
A gnoll is nearby!
The gnoll completely misses you.
You closely miss the gnoll. The gnoll hits you with a +0 halberd!
You barely miss the gnoll. The gnoll hits you with a +0 halberd!
You are too injured to fight recklessly!
You are too injured to fight recklessly!
You are too injured to fight recklessly!
You are too injured to fight recklessly!
You are too injured to fight recklessly!
You are too injured to fight recklessly!
You are too injured to fight recklessly!
You are too injured to fight recklessly!
You are too injured to fight recklessly!
You are too injured to fight recklessly!
You are too injured to fight recklessly!
You are too injured to fight recklessly!
You are too injured to fight recklessly!
You are too injured to fight recklessly!
You are too injured to fight recklessly!
You are too injured to fight recklessly!
You are too injured to fight recklessly!
You are too injured to fight recklessly!
You are too injured to fight recklessly!
You scratch the gnoll.
The gnoll is lightly wounded.
The gnoll hits you with a +0 halberd!
* * * LOW HITPOINT WARNING * * *
You scratch the gnoll but do no damage.
The gnoll is lightly wounded.
The gnoll hits you with a +0 halberd!
You die...

####......##.# #.....≈##.##
#......##.# #......#.##≈
#########.# ####....##≈≈ #.. ..#
####..#≈≈≈ #.#
############......≈§§ ####.#
#.....#...##........§
####....#####.....#...##......#..
...............g.................
####....####....h.####.#......###
#.......#.....<# #.#......###
#.....#.#÷)..######.######....
##................#.# #.###
#...........####.#.# #.#..
#?....##....# #.#.######.#.#
#.....####### #.#.##.....#.#
#.........# #.#.##.#####.#
#####.....# #.#.##.#...).#


You could see a gnoll.

Vanquished Creatures
  Terence (D:2)
  3 gnolls (D:1)
  An adder (D:2)
  2 dart slugs
  A ball python (D:1)
  2 endoplasms
  A giant cockroach (D:1)
  A goblin (D:2)
  A hobgoblin (D:1)
  A jackal (D:1)
  2 kobolds
  A quokka (D:1)
  2 bats
  3 frilled lizards
  10 rats
32 creatures vanquished.

Notes
Turn   | Place    | Note
-------+----------+-------------------------------------------
     0 | D:1      | Gadfly the Demonspawn Shapeshifter began the quest for the
                  | Orb.
     0 | D:1      | Reached XP level 1. HP: 15/15 MP: 1/1
    91 | D:1      | Gained mutation: You have sharp fingernails. [demonic
                  | ancestry]
    91 | D:1      | Reached XP level 2. HP: 15/21 MP: 2/2
   270 | D:1      | Reached skill level 1 in Evocations
   803 | D:2      | Reached XP level 3. HP: 18/26 MP: 3/3
   971 | D:2      | Noticed Terence
   979 | D:2      | HP: 1/26 [Terence/+0 hand axe (8)]
   987 | D:2      | Killed Terence
   988 | D:2      | Reached skill level 3 in Unarmed Combat
  1311 | D:2      | Found a snail-covered altar of Cheibriados.
  1386 | D:1      | Reached XP level 4. HP: 12/33 MP: 4/4
  1575 | D:2      | Slain by a gnoll

Illustrated notes

Levels and vault maps discovered:
D:1:      dpeg_arrival_ratfight, layout_basic
D:2:      layout_basic, basic_altar, grunt_decor_junction, uniq_terence

Skill      XL: |  1  2  3  4 |
---------------+-------------+-----
Dodging        | 2 |  2.6
Evocations     | 1 2 |  2.0
Unarmed Combat | 3 |  3.1
Fighting       | |  1.7
Shapeshifting  | |  2.9

Action                     |  1- 3 |  4- 6 || total
---------------------------+-------+-------++-------
  Melee: Unarmed           |    82 |    12 ||    94
         Punch             |     2 |       ||     2
    Use: Scroll            |     8 |       ||     8
         Potion            |     3 |       ||     3
   Stab: Sleeping          |     4 |       ||     4
 Armour: Animal skin       |    33 |    10 ||    43
         Skin              |     5 |       ||     5
  Dodge: Dodged            |    52 |     9 ||    61
